cohdb
Replays
Latest Replays
All Replays
Popular Replays
Top Player Replays
Match Explorer
How It Works
Community
CoH3 Stats
Reddit
Sign in to upload your games and track your stats! →
Sign in with Steam
Match 45183406
Unlisted
Match 45183406
Overview
Messages
Build Orders
End
Engineer Squad
Construct Barracks
Selects Armored Battlegroup
Selects Veteran Crews
Riflemen Squad
M1 Mortar Team
Riflemen Squad
.30 cal Machine Gun
Grenade Package
Riflemen Squad
Riflemen Squad
.30 cal Machine Gun
Selects M31 Recovery Vehicle
.30 cal Machine Gun
Construct Medical Station
Mechanized Support Center
Selects War Machine
M1 Mortar Team
Construct Tank Depot
Selects Strength in Steel
M18 Hellcat Tank Destroyer
Riflemen Squad
Improvised Armor
Engineer Squad
Selects Seek and Destroy
Riflemen Squad
Riflemen Squad
Riflemen Squad
Futte
User1diego
Cpt.Willard
Ranger1408
Morcrabanen
Chef Jones
0
0
Comments
sign in to comment!
No comments posted yet!